 Dungeon Crawl Stone Soup version 0.29.0-13-gc9e81de378 (webtiles) character file.

Game seed: 2461884609084409231

33 sentinel the Digger (level 3, 0/26 HPs)
             Began as a Meteoran Earth Elementalist on Sept 10, 2022.
             Slain by a centaur (3 damage)
             ... on level 4 of the Dungeon.
             The game lasted 00:01:34 (362 turns).

sentinel the Digger (Meteoran Earth Elementalist)    Turns: 362, Time: 00:01:34

Health: 0/26       AC:  2    Str: 10    XL:     3   Next: 70%
Magic:  7/8        EV: 12    Int: 18    God:
Gold:   0          SH:  0    Dex: 14    Spells: 1/7 levels left

rFire   . . .      SeeInvis .   (no weapon)
rCold   . . .      Faith    .   (no shield)
rNeg    . . .      Spirit   .   a - +0 robe
rPois   .          Reflect  .   (no helmet)
rElec   .          Harm     .   (no cloak)
rCorr   .          Rampage  .   (no gloves)
Will    .....                   (no boots)
Stlth   +.........              (no amulet)
HPRegen 0.08/turn               (no ring)
MPRegen 0.11/turn               (no ring)

@: glowing
A: sense surroundings 1, otherworldly, glowing, explore regen
a: no special abilities


You were on level 4 of the Dungeon.
You visited 1 branch of the dungeon, and saw 4 of its levels.

Inventory:

Armour
 a - a +0 robe (worn)
Scrolls
 c - a scroll of noise {unknown}
 d - a scroll of vulnerability {unknown}
 e - a scroll of immolation {unknown}
 f - a scroll of identify {unknown}
 h - a scroll of blinking {unknown}
Potions
 b - a potion of magic
 g - a potion of attraction {unknown}


   Skills:
 - Level 2.4 Dodging
 - Level 1.4 Stealth
 + Level 2.7 Spellcasting
 * Level 0.5 Conjurations
 - Level 1.2 Transmutations
 + Level 5.1 Earth Magic


You had one spell level left.
You knew the following spells:

 Your Spells              Type           Power      Damage    Failure   Level
a - Sandblast             Erth           40%        2d10      1%          1
b - Stone Arrow           Conj/Erth      24%        3d8       16%         3
c - Passwall              Tmut/Erth      10%        N/A       7%          2

Your spell library contained the following spells:

 Spells                   Type           Power      Damage    Failure   Level
 Summon Small Mammal      Summ           8%         N/A       17%         1
 Ensorcelled Hibernation  Hex/Ice        4%         N/A       26%         2
 Petrify                  Tmut/Erth      13%        N/A       41%         4
 Call Canine Familiar     Summ           2%         N/A       45%         3
 Summon Guardian Golem    Hex/Summ       2%         N/A       45%         3
 Swiftness                Air            2%         N/A       45%         3


Dungeon Overview and Level Annotations

Branches:
Dungeon (4/15) Zot: 2021
 Temple: D:4-7

Altars:


Innate Abilities, Weirdness & Mutations

You passively map a small area around you.
You are easily found by Zot.
You glow in the dark.
You regain HP and MP as you explore.


Message History

You can't see any susceptible monsters within range! (Use Z to cast anyway.)
Casting: Sandblast (safe; 3% risk of failure)
Confirm with . or Enter, or press ? or * to list all spells.
Aiming: Passwall (safe; 9% risk of failure)
Press: ? - help, Dir - move target A rock wall.
You miscast Passwall.
You are very lightly contaminated with residual magic.
Nothing appears to happen.
Casting: Passwall (safe; 9% risk of failure)
Confirm with . or Enter, or press ? or * to list all spells.
You don't know that spell.
Unknown command.
Unknown command.
Casting: Passwall (safe; 9% risk of failure)
Confirm with . or Enter, or press ? or * to list all spells.
Aiming: Passwall (safe; 9% risk of failure)
Press: ? - help, Dir - move target A rock wall.
You begin to meditate on the wall.
You continue meditating on the rock. x2
You finish merging with the rock.
Found a stone staircase leading down.
The blast of sand hits the dart slug.
The dart slug is moderately wounded.
The blast of sand hits the dart slug!
You kill the dart slug!
Your magical contamination has completely faded away.
You can't see any susceptible monsters within range! (Use Z to cast anyway.)
Found 7 stones.
There is a stone staircase leading down here.
You enter the shallow water.
Moving in this stuff is going to be slow. 2 dart slugs and a rat come into view.
Found 7 stones.
Found a stone staircase leading up.
The dart slug moves out of view.
There is a stone staircase leading down here.
You climb downwards.
Magic restored.
The jackal barks!
You hear a bark! x2; You hear a shout!
You hear a bark!
There is a stone staircase leading up here.
The blast of sand hits the jackal!
You kill the jackal!
You have reached level 3!
Your experience leads to an increase in your attributes!
Increase (s)trength, (i)ntelligence, or (d)exterity?
You feel clever. x2; You feel stronger.
The blast of sand hits the jackal.
You kill the jackal!
A ball python comes into view.
A jackal comes into view.
The ball python moves out of view.
The blast of sand hits the jackal.
The jackal is heavily wounded.
The jackal bites you.
The blast of sand hits the jackal!
You kill the jackal!
The ball python bites you but does no damage.
The ball python completely misses you.
A centaur comes into view.
A jackal comes into view.
The ball python barely misses you. The ball python grabs you.
The ball python constricts you.
Okay, then.
You escape the ball python's grasp.
The jackal closely misses you.
The centaur wields a +0 shortbow.
The centaur shoots an arrow.
The arrow barely misses you.
You climb upwards.
There is a stone staircase leading down here.
The blast of sand hits the jackal but does no damage.
The jackal bites you.
The ball python bites you but does no damage.
The ball python grabs you. The ball python constricts you.
The jackal bites you. The ball python closely misses you.
The ball python constricts you.
The blast of sand hits the ball python!
You kill the ball python!
The jackal barely misses you. The jackal bites you. The jackal misses you.
The blast of sand misses the jackal.
The jackal bites you.
The jackal bites you but does no damage.
The blast of sand hits the jackal!
You kill the jackal!
You are out of magic!
You see here a ball python corpse.
Found a stone staircase leading up.
Found a plate armour and a black potion.
Found a stone staircase leading up.
g - a black potion
There is a stone staircase leading up here.
You climb upwards.
HP restored.
Magic restored.
The goblin shouts!
Found 9 gold pieces.
There is a stone staircase leading down here.
You climb downwards.
There is a stone staircase leading up here.
The blast of sand hits the dart slug.
The dart slug is heavily wounded.
The blast of sand hits the dart slug.
You kill the dart slug!
Your Earth Magic skill increases to level 5!
You can't see any susceptible monsters within range! (Use Z to cast anyway.)
You see here a dart slug corpse.
This spell is quite dangerous to cast!
Memorise Stone Arrow, consuming 3 spell levels and leaving 1?
You start memorising the spell.
You continue memorising. x3
You finish memorising.
Spell assigned to 'b'.
There is a stone staircase leading up here.
You climb upwards.
Magic restored.
There is a stone staircase leading down here.
You climb downwards.
There is a stone staircase leading up here.
A goblin comes into view. It is wielding a +0 dagger.
Found a scroll labelled RAHENI FIEWOO.
The goblin shouts!
The blast of sand hits the dart slug!
You kill the dart slug!
The blast of sand hits the goblin!
You kill the goblin!
The blast of sand hits the rat!
You kill the rat!
You can't see any susceptible monsters within range! (Use Z to cast anyway.)
h - a scroll labelled RAHENI FIEWOO A dart slug comes into view.
The dart slug launches a dart at you. The slug dart misses you.
The blast of sand hits the dart slug!
The dart slug is almost dead.
The blast of sand hits the dart slug!
You kill the dart slug!
You can't see any susceptible monsters within range! (Use Z to cast anyway.) Magic restored.
There is a stone staircase leading up here.
You see here a ball python corpse.
There is a stone staircase leading down here.
You climb downwards.
The centaur shoots an arrow.
The arrow hits you!
The centaur shoots an arrow.
The arrow hits you!
Ouch! That really hurt!
* * * LOW HITPOINT WARNING * * *
There is a stone staircase leading up here.
The centaur unwields a +0 shortbow.
The centaur hits you.
* * * LOW HITPOINT WARNING * * *
The centaur barely misses you.
HP warning!
Casting: Sandblast (safe; 1% risk of failure)
Confirm with . or Enter, or press ? or * to list all spells.
You don't know that spell.
Casting: Sandblast (safe; 1% risk of failure)
Confirm with . or Enter, or press ? or * to list all spells.
Aiming: Sandblast (safe; 1% risk of failure)
Press: ? - help, Shift-Dir - straight line, f - centaur
Aim: a centaur (90% to hit)
The blast of sand hits the centaur!
The centaur is moderately wounded.
The centaur hits you.
You die...

* , , , , , * ,,
, , * , . , ,, *
*#.# * , * *
,,,##*...# *# ,
.#...## ,
..##.####††....#
, #.......<†..#
, ,
.####c@#.......
#.....###### * ,
, .........#* *
, * ##.#.......#
, * ..
..##.#...# , ..
... .#.#... .
.... .#.#### ,
..... .. , , * *
* *


You could see a centaur.

Vanquished Creatures
  5 dart slugs
  2 ball pythons
  3 endoplasms
  2 giant cockroaches
  A goblin (D:3)
  4 jackals
  A quokka (D:2)
  A frilled lizard (D:2)
  A rat (D:3)
20 creatures vanquished.

Notes
Turn   | Place    | Note
-------+----------+-------------------------------------------
     0 | D:1      | sentinel the Meteoran Earth Elementalist began the quest
                  | for the Orb.
     0 | D:1      | Reached XP level 1. HP: 14/14 MP: 5/5
    15 | D:1      | Reached skill level 4 in Earth Magic
    21 | D:1      | Reached XP level 2. HP: 17/20 MP: 2/6
   216 | D:2      | Learned a level 2 spell: Passwall
   277 | D:4      | Reached XP level 3. HP: 26/26 MP: 5/8
   279 | D:4      | Noticed a centaur
   307 | D:3      | Reached skill level 5 in Earth Magic
   317 | D:3      | Learned a level 3 spell: Stone Arrow
   362 | D:4      | Slain by a centaur

Illustrated notes

Levels and vault maps discovered:
D:1:      spicycebolla_arrival_ecumenical, layout_loops_ring,
          dreamdust_mushroom_princess, minmay_tetromino_s2
D:2:      layout_basic, serial_shops, shop
D:3:      kennysheep_slugbush, layout_loops_ring
D:4:      layout_rooms, nicolae_ru_awakened_eye, marbit_many_paths,
          minmay_unequal

Skill      XL: |  1  2  3 |
---------------+----------+-----
Earth Magic    | 4 5 |  5.1
Dodging        | |  2.4
Stealth        | |  1.4
Spellcasting   | |  2.7
Conjurations   | |  0.5
Transmutations | |  1.2

Action                   || total
-------------------------++-------
 Cast: Sandblast         ||    29
       Passwall          ||     2
Armor: Robe              ||     3
Dodge: Dodged            ||    10
